 Dungeon Crawl Stone Soup version 0.27.1-3-gb3d3a73c9e (webtiles) character file.

Game seed: 17454557142248167400

142 Sirial the Firebug (level 5, 0/37 HPs)
             Began as a Gnoll Fire Elementalist on Oct 19, 2021.
             Was a Believer of Qazlal.
             Succumbed to a scorpion's poison
             ... on level 3 of the Dungeon.
             The game lasted 00:05:07 (3195 turns).

Sirial the Firebug (Gnoll Fire Elementalist)        Turns: 3195, Time: 00:05:07

Health: 0/37       AC:  1    Str:  7    XL:     5   Next: 25%
Magic:  3/12       EV: 13    Int: 16    God:    Qazlal [**....]
Gold:   81         SH:  2    Dex: 12    Spells: 10/14 levels left

rFire    . . .     SeeInvis .     - Unarmed
rCold    . . .     Faith    .   (no shield)
rNeg     . . .     Spirit   .   a - +0 robe
rPois    .         Reflect  .   (no helmet)
rElec    .         Harm     .   (no cloak)
rCorr    .         Rampage  .   (no gloves)
Will     .....                  (no boots)
Stlth    ++........             (no amulet)
HPRegen  0.12/turn              (no ring)
MPRegen  0.13/turn              (no ring)

@: lethally poisoned (0 -> -3)
A: fangs 1, strong nose, distributed training, deformed body
a: Renounce Religion, Upheaval


You were on level 3 of the Dungeon.
You worshipped Qazlal.
Qazlal was pleased with you.
You visited 1 branch of the dungeon, and saw 3 of its levels.

You collected 81 gold pieces.

Inventory:

Armour
 a - a +0 robe (worn)
Scrolls
 b - 2 scrolls of identify
 c - a scroll of enchant weapon
 d - a scroll of amnesia


   Skills:
 + Level 1.4 Fighting
 + Level 1.4 Short Blades
 + Level 1.4 Long Blades
 + Level 1.4 Axes
 + Level 1.4 Maces & Flails
 + Level 1.4 Polearms
 + Level 1.4 Staves
 + Level 1.4 Slings
 + Level 1.4 Bows
 + Level 1.4 Crossbows
 + Level 1.4 Throwing
 + Level 1.4 Armour
 + Level 4.7 Dodging
 + Level 4.4 Stealth
 + Level 1.4 Shields
 + Level 1.4 Unarmed Combat
 + Level 5.2 Spellcasting
 + Level 2.3 Conjurations
 + Level 1.1 Hexes
 + Level 1.1 Summonings
 + Level 1.1 Necromancy
 + Level 1.1 Translocations
 + Level 1.1 Transmutations
 + Level 5.5 Fire Magic
 + Level 1.1 Ice Magic
 + Level 1.1 Air Magic
 + Level 1.1 Earth Magic
 + Level 1.1 Poison Magic
 + Level 1.6 Invocations
 + Level 1.4 Evocations


You had 10 spell levels left.
You knew the following spells:

 Your Spells              Type           Power      Damage    Failure   Level
a - Foxfire               Conj/Fire      64%        2x1d7     3%          1
b - Magic Dart            Conj           44%        1d5       5%          1
c - Searing Ray           Conj           22%        3d3       9%          2

Your spell library contained the following spells:

 Spells                   Type           Power      Damage    Failure   Level
 Conjure Flame            Conj/Fire      16%        6-21      9%          3
 Inner Flame              Hex/Fire       14%        N/A       12%         3
 Passwall                 Tmut/Erth      5%         N/A       14%         2
 Swiftness                Air            7%         N/A       28%         3
 Tukima's Dance           Hex            7%         N/A       28%         3
 Sticky Flame             Conj/Fire      16%        2d4       28%         4
 Fulminant Prism          Conj/Hex       4%         3d6       58%         4
 Fireball                 Conj/Fire      8%         3d6       63%         5
 Passage of Golubria      Tloc           N/A        N/A       67%         4
 Yara's Violent Unravell  Hex/Tmut       3%         3d4       95%         5
 Invisibility             Hex            3%         N/A       100%        6


Dungeon Overview and Level Annotations

Branches:
Dungeon (3/15)

Altars:
Qazlal


Innate Abilities, Weirdness & Mutations

You have very sharp teeth.
Your uncanny sense of smell can sniff out nearby items.
Your experience applies equally to all skills.
Armour fits poorly on your strangely shaped body.


Message History

Confirm with . or Enter, or press ? or * to list all spells.
There is not enough space to conjure foxfire!
Your foxfire dissipates!
The foxfire hits the scorpion.
The scorpion is almost dead.
Casting: Foxfire (safe; 3% risk of failure)
Confirm with . or Enter, or press ? or * to list all spells.
You conjure some foxfire!
The scorpion stings you. x2
You are lethally poisoned!
The scorpion poisons you!
* * * LOW HITPOINT WARNING * * *
You feel very sick.
The foxfire hits the scorpion!
You kill the scorpion!
Qazlal accepts your kill.
Your Hexes skill increases to level 1!
Your Summonings skill increases to level 1!
Your Necromancy skill increases to level 1!
Your Translocations skill increases to level 1!
Your Transmutations skill increases to level 1!
Your Ice Magic skill increases to level 1!
Your Air Magic skill increases to level 1!
Your Earth Magic skill increases to level 1!
Your Poison Magic skill increases to level 1!
You have reached level 5!
There is a lethal amount of poison in your body!
There is a lethal amount of poison in your body!
* * * LOW HITPOINT WARNING * * *
You feel very sick.
You aren't carrying any potions.
Okay, then.
Okay, then.
* * * LOW HITPOINT WARNING * * *
You feel sick.
Your foxfire dissipates!
* * * LOW HITPOINT WARNING * * *
You feel sick.
* * * LOW HITPOINT WARNING * * *
You feel sick.
You die...

######### ## #........
.. ######.###########.
..................
###.##.#######.#.## ###
#.##.###♣♣##.♣..##..♣#
#.##.##............P.##
#.##.#..P.♣...@.○.♣P.P
#.##...♣.P.#♣.♣♣..§≈♣
#.##.#.♣♣.#+#♣†♣♣.♣§§..
#.####.♣♣## #♣..♣♣ ♣♣♣
#.# #.♣ ∆ #v♣......$.
... #.P♣♣♣♣..P. #.. ...
.. #..♣ .♣♣. # ..♣ ..
♣.


There were no monsters in sight!

Vanquished Creatures
  A scorpion (D:3)
  2 adders (D:2)
  3 gnolls (D:2)
  A dart slug (D:2)
  5 ball pythons
  4 endoplasms (D:2)
  2 goblins
  7 hobgoblins
  4 jackals (D:3)
  A quokka (D:3)
  2 bats (D:2)
  4 frilled lizards
  A kobold (D:2)
  A rat (D:2)
  6 foxfires (D:2)
44 creatures vanquished.

Vanquished Creatures (collateral kills)
  9 foxfires
9 creatures vanquished.

Vanquished Creatures (others)
  187 foxfires
  28 plants (D:3)
215 creatures vanquished.

Grand Total: 268 creatures vanquished

Notes
Turn   | Place    | Note
-------+----------+-------------------------------------------
     0 | D:1      | Sirial the Gnoll Fire Elementalist began the quest for the
                  | Orb.
     0 | D:1      | Reached XP level 1. HP: 13/13 MP: 6/6
   184 | D:1      | Found a faded altar of an unknown god.
   196 | D:1      | Became a worshipper of Qazlal Stormbringer
   196 | D:1      | Reached * piety under Qazlal
   665 | D:1      | Reached XP level 2. HP: 19/19 MP: 3/7
  1350 | D:1      | Learned a level 1 spell: Magic Dart
  1695 | D:2      | Gained mutation: Armour fits poorly on your strangely
                  | shaped body. [potion of mutation]
  1756 | D:2      | Reached XP level 3. HP: 25/25 MP: 2/9
  1760 | D:2      | Reached skill level 5 in Spellcasting
  1765 | D:2      | Reached skill level 1 in Invocations
  2069 | D:2      | Reached skill level 1 in Fighting
  2069 | D:2      | Reached skill level 1 in Short Blades
  2069 | D:2      | Reached skill level 1 in Long Blades
  2069 | D:2      | Reached skill level 1 in Axes
  2069 | D:2      | Reached skill level 1 in Maces & Flails
  2069 | D:2      | Reached skill level 1 in Polearms
  2069 | D:2      | Reached skill level 1 in Staves
  2069 | D:2      | Reached skill level 1 in Slings
  2069 | D:2      | Reached skill level 1 in Bows
  2069 | D:2      | Reached skill level 1 in Crossbows
  2069 | D:2      | Reached skill level 1 in Throwing
  2069 | D:2      | Reached skill level 1 in Armour
  2069 | D:2      | Reached skill level 1 in Shields
  2069 | D:2      | Reached skill level 1 in Unarmed Combat
  2069 | D:2      | Reached skill level 1 in Evocations
  2069 | D:2      | Reached XP level 4. HP: 32/32 MP: 6/11
  2242 | D:2      | Learned a level 2 spell: Searing Ray
  2822 | D:3      | Reached ** piety under Qazlal
  3174 | D:3      | Noticed a scorpion
  3190 | D:3      | Killed a scorpion
  3191 | D:3      | Reached skill level 1 in Hexes
  3191 | D:3      | Reached skill level 1 in Summonings
  3191 | D:3      | Reached skill level 1 in Necromancy
  3191 | D:3      | Reached skill level 1 in Translocations
  3191 | D:3      | Reached skill level 1 in Transmutations
  3191 | D:3      | Reached skill level 1 in Ice Magic
  3191 | D:3      | Reached skill level 1 in Air Magic
  3191 | D:3      | Reached skill level 1 in Earth Magic
  3191 | D:3      | Reached skill level 1 in Poison Magic
  3191 | D:3      | Reached XP level 5. HP: 8/37 MP: 3/12
  3194 | D:3      | HP: 1/37 [poisoned by a scorpion]
  3195 | D:3      | Succumbed to a scorpion's poison

Illustrated notes

Levels and vault maps discovered:
D:1:      roderic_crop_circles_arrival_small, layout_loops_corners,
          hellmonk_ecumenical_altar_zigzags
D:2:      layout_loops_ring
D:3:      wad_woods_tower, layout_basic, serial_shops, shop_statue,
          serial_aquarium, aquarium_bridge_long_joined
          [aquarium_subvault_bridge, aquarium_subvault_bridge,
          aquarium_subvault_wall, aquarium_subvault_wall,
          aquarium_subvault_bridge, aquarium_subvault_bridge],
          aquarium_bridge_island_small [aquarium_subvault_small_open,
          aquarium_subvault_bridge, aquarium_subvault_window,
          aquarium_subvault_bridge, aquarium_subvault_balcony],
          aquarium_window_1, aquarium_window_1, aquarium_view_2a,
          aquarium_pool_2

Skill      XL: |  1  2  3  4 |
---------------+-------------+-----
Conjurations   | 2 |  2.3
Spellcasting   | 5 |  5.2
Invocations    | 1 |  1.6
Fighting       | 1 |  1.4
Short Blades   | 1 |  1.4
Long Blades    | 1 |  1.4
Axes           | 1 |  1.4
Maces & Flails | 1 |  1.4
Polearms       | 1 |  1.4
Staves         | 1 |  1.4
Slings         | 1 |  1.4
Bows           | 1 |  1.4
Crossbows      | 1 |  1.4
Throwing       | 1 |  1.4
Armour         | 1 |  1.4
Shields        | 1 |  1.4
Unarmed Combat | 1 |  1.4
Evocations     | 1 |  1.4
Hexes          | 1 |  1.1
Summonings     | 1 |  1.1
Necromancy     | 1 |  1.1
Translocations | 1 |  1.1
Transmutations | 1 |  1.1
Ice Magic      | 1 |  1.1
Air Magic      | 1 |  1.1
Earth Magic    | 1 |  1.1
Poison Magic   | 1 |  1.1
Dodging        | |  4.7
Stealth        | |  4.4
Fire Magic     | |  5.5

Action                   |  1- 3 |  4- 6 || total
-------------------------+-------+-------++-------
Melee: Unarmed           |     7 |     1 ||     8
       Bite              |     2 |       ||     2
 Cast: Foxfire           |    85 |    63 ||   148
       Searing Ray       |       |     1 ||     1
  Use: Potion            |     3 |       ||     3
       Scroll            |       |     2 ||     2
Armor: Robe              |     1 |       ||     1
Dodge: Dodged            |     5 |     6 ||    11
